 Dungeon Crawl Stone Soup version 0.28.0-43-g3370ac3207 (webtiles) character file.

Game seed: 5460636182096574823

31124 crimpus the Tortoise (level 13, -4/123 HPs)
             Began as a Minotaur Berserker on Mar 19, 2022.
             Was a Priest of Trog.
             Slain by a harpy simulacrum (9 damage)
             ... on level 2 of the Abyss.
             The game lasted 00:29:43 (18269 turns).

crimpus the Tortoise (Minotaur Berserker)          Turns: 18269, Time: 00:29:43

Health: -4/123     AC: 14    Str: 28    XL:     13   Next: 24%
Magic:  0/10       EV: 15    Int:  4    God:    Trog [***...]
Gold:   902        SH:  0    Dex:  9    Spells: 12/12 levels left

rFire   + . .      SeeInvis .   h - +1 mace (protect)
rCold   + . .      Faith    .   (no shield)
rNeg    . . .      Spirit   +   j - +3 chain mail {rC+}
rPois   +          Reflect  .   (helmet restricted)
rElec   .          Harm     .   B - +0 cloak "Qitats" {rF+}
rCorr   .          Rampage  .   (no gloves)
Will    +++..                   (no boots)
Stlth   ..........              J - amulet of guardian spirit
HPRegen 1.30/turn               H - +4 ring of evasion
MPRegen 0.12/turn               r - ring of poison resistance

@: strong-willed, on berserk cooldown, regenerating, slowed, very slow
A: horns 2, retaliatory headbutt, deformed body, low MP 1, strong-willed 1
a: Renounce Religion, Berserk, Trog's Hand


You were on level 2 of the Abyss.
You worshipped Trog.
Trog was most pleased with you.
You visited 2 branches of the dungeon, and saw 16 of its levels.
You visited the Abyss 1 time.

You collected 902 gold pieces.

Inventory:

Hand Weapons
 h - a +1 mace of protection (weapon)
 t - a +0 dire flail
 y - a +0 great mace
 C - a +4 flail of flaming
Armour
 j - a +3 chain mail of cold resistance (worn)
 m - a +2 cloak
 B - the +0 cloak "Qitats" (worn) {rF+}
   (You found it on level 8 of the Dungeon)

   rF:        It protects you from fire.
Jewellery
 a - a ring of resist corrosion
 b - a +6 ring of dexterity
 e - a +6 ring of strength
 r - a ring of poison resistance (right hand)
 H - a +4 ring of evasion (left hand)
 J - an amulet of guardian spirit (around neck)
Wands
 g - a wand of charming (2)
 E - a wand of mindburst (8)
 I - a wand of digging (2)
Scrolls
 d - 2 scrolls of enchant armour
 k - a scroll of enchant weapon
 l - 3 scrolls of magic mapping
 u - 2 scrolls of fog
 D - a scroll of brand weapon
Potions
 c - 3 potions of attraction
 i - a potion of flight
 n - 2 potions of berserk rage
 o - 2 potions of magic
 p - 4 potions of might
 q - a potion of mutation
 s - 3 potions of invisibility {unknown}
 w - 3 potions of haste {unknown}
 z - 2 potions of curing
 A - a potion of brilliance {unknown}
 G - 2 potions of lignification {unknown}


   Skills:
 + Level 13.6 Fighting
 + Level 16.0 Maces & Flails
 + Level 16.0 Armour
 + Level 7.7 Dodging
 - Level 0.3 Stealth


You had 12 spell levels left.
You didn't know any spells.
Your spell library was empty.

Dungeon Overview and Level Annotations

Branches:
Dungeon (15/15)            Temple (0/1) D:7            Lair (0/6) D:9
    Orc (0/2) D:11         Depths (1/4) D:15
 Vaults: D:13-14

Altars:
Sif Muna
Wu Jian

Shops:
D:1 *   D:6 *   D:8 (

Portals:
Trove: D:11 (give +7 demon trident)


Innate Abilities, Weirdness & Mutations

You have a pair of horns on your head.
You reflexively headbutt those who attack you in melee.
Armour fits poorly on your strangely shaped body.
Your magical capacity is low. (-10% MP)
You are strong-willed. (Will+)


Message History

The harpy simulacrum misses you.
An ancient zyme comes into view.
The foxfire dissipates!
The harpy simulacrum claws you but does no damage.
The harpy simulacrum claws you! The harpy simulacrum freezes you. You resist.
* * * LOW HITPOINT WARNING * * *
The harpy simulacrum claws you but does no damage.
The harpy simulacrum barely misses you.
You feel yourself growing ill in the presence of the ancient zyme.
The will-o-the-wisp gestures.
The will-o-the-wisp conjures some foxfire! 2 foxfires come into view.
Your skin crawls.
You feel strong-willed. The harpy simulacrum claws you.
* * * LOW HITPOINT WARNING * * *
The harpy simulacrum freezes you! You resist.
* * * LOW HITPOINT WARNING * * *
The harpy simulacrum barely misses you. The harpy simulacrum claws you!
* * * LOW HITPOINT WARNING * * *
The harpy simulacrum freezes you. You resist.
* * * LOW HITPOINT WARNING * * *
The harpy simulacrum claws you.
* * * LOW HITPOINT WARNING * * *
The harpy simulacrum freezes you! You resist.
* * * LOW HITPOINT WARNING * * *
The harpy simulacrum barely misses you. The harpy simulacrum misses you.
The will-o-the-wisp gestures.
The will-o-the-wisp conjures some foxfire!
The harpy simulacrum claws you but does no damage. x2
You feel better.
A foxfire comes into view. x2
The harpy simulacrum closely misses you.
The harpy simulacrum misses you. The harpy simulacrum barely misses you.
The harpy simulacrum misses you.
The harpy simulacrum claws you but does no damage.
The harpy simulacrum claws you!
* * * LOW HITPOINT WARNING * * *
The harpy simulacrum freezes you! You resist.
You die...

# # ## .#.
.#..... § ..#.
##.#..
#÷...#### . 5
.#§...x.## # ..
#§ §#@)# ..#
#.§†#Z#..#
#....##§.v..#.#
.#.....§§#..# #
....#..§.#..#
#.. ...§#..###
#. #_.§.##.# #
#.§. #. .... .#


You could see an ancient zyme and a harpy simulacrum.

Vanquished Creatures
  A stone giant (D:15)
  A deep elf demonologist (Abyss:2)
  Snorg (D:10)
  An ogre mage (D:15)
  A death knight (D:15)
  2 two-headed ogres
  A tengu warrior (D:14)
  3 hell hogs (Abyss:2)
  5 skeletal warriors
  A wizard (D:15)
  3 large abominations (Abyss:2)
  Pikel (D:6)
  5 ugly things
  A necromancer (D:15)
  A deep elf pyromancer (D:11)
  2 cyclopes (D:11)
  A shining eye (Abyss:2)
  A wolf spider (shapeshifter) (Abyss:2)
  5 manticores
  A smoke demon (Abyss:2)
  3 naga magi (D:15)
  A gargoyle (D:11)
  An efreet (D:13)
  An ancient zyme (Abyss:2)
  2 guardian mummies (D:11)
  2 hellwings (Abyss:2)
  2 freezing wraiths
  6 trolls
  A polar bear (shapeshifter) (D:15)
  Prince Ribbit (D:9)
  4 slime creatures (D:14)
  3 raiju (Abyss:2)
  A centaur simulacrum (D:15)
  4 wraiths
  A shadow (D:12)
  13 yaks
  A yak (shapeshifter) (D:15)
  6 wyverns
  2 small abominations (Abyss:2)
  A steam dragon (D:8)
  5 vampire mosquitoes (D:14)
  3 chaos spawn (Abyss:2)
  An acid dragon (D:10)
  5 water moccasins
  4 hell hounds (Abyss:2)
  A floating eye (D:10)
  7 orc warriors
  3 sky beasts
  5 ogres
  11 centaurs
  6 kobold brigands
  A lemure (D:6)
  2 gnoll sergeants
  A bullfrog (D:7)
  3 scorpions
  A wyvern skeleton (D:7)
  5 wights (D:8)
  5 killer bees (D:8)
  3 howler monkeys
  6 centaur zombies
  8 crimson imps (D:12)
  A hound (D:4)
  3 iron imps (Abyss:2)
  2 jellies
  5 centaur skeletons
  A bullfrog skeleton (D:6)
  6 orc priests
  Jessica (D:3)
  7 iguanas
  12 orc wizards
  Terence (D:2)
  2 hound skeletons
  Robin (D:3)
  A howler monkey zombie (D:9)
  15 gnolls
  A howler monkey skeleton (D:5)
  3 adders
  A shadow imp (D:5)
  3 white imps
  2 ufetubi
  A worm (D:2)
  2 dart slugs (D:2)
  25 orcs
  6 ball pythons
  9 endoplasms
  4 giant cockroaches
  11 goblins
  13 hobgoblins
  22 kobolds
  3 quokkas
  A bat (D:3)
  A frilled lizard (D:1)
  7 rats
353 creatures vanquished.

Vanquished Creatures (others)
  A worldbinder (Abyss:2)
  An unseen horror (D:10)
  A large abomination (Abyss:2)
  2 small abominations (Abyss:2)
  An orc wizard (D:11)
  A bush (D:9)
  5 foxfires (Abyss:2)
  7 fungi
  A lurking horror (Abyss:2)
  37 plants
57 creatures vanquished.

Grand Total: 410 creatures vanquished

Notes
Turn   | Place    | Note
-------+----------+-------------------------------------------
     0 | D:1      | crimpus the Minotaur Berserker began the quest for the Orb.
     0 | D:1      | Reached XP level 1. HP: 19/19 MP: 0/0
   316 | D:1      | Reached XP level 2. HP: 27/27 MP: 1/1
   495 | D:1      | Found Goutroan's Assorted Antiques.
   528 | D:1      | You fall into a shaft and drop 1 floor!
   922 | D:2      | Reached XP level 3. HP: 21/33 MP: 2/2
   929 | D:2      | Reached ** piety under Trog
  1214 | D:2      | Found a faded altar of an unknown god.
  1303 | D:2      | Noticed Terence
  1312 | D:2      | Killed Terence
  1511 | D:2      | Reached XP level 4. HP: 41/41 MP: 3/3
  1846 | D:3      | Noticed Jessica
  1852 | D:3      | Killed Jessica
  1853 | D:3      | Reached skill level 5 in Maces & Flails
  2057 | D:3      | Reached XP level 5. HP: 40/47 MP: 4/4
  2446 | D:3      | Noticed Robin
  2461 | D:3      | Killed Robin
  2462 | D:3      | Reached skill level 5 in Fighting
  2956 | D:4      | Reached XP level 6. HP: 56/56 MP: 5/5
  3416 | D:5      | Entered Level 5 of the Dungeon
  3607 | D:5      | Reached *** piety under Trog
  3613 | D:4      | Reached XP level 7. HP: 61/61 MP: 6/6
  4032 | D:5      | Reached skill level 5 in Armour
  4498 | D:6      | Reached XP level 8. HP: 58/70 MP: 7/7
  4812 | D:6      | Found Xamak's General Store.
  4832 | D:6      | Noticed Pikel
  4843 | D:6      | Killed Pikel
  4844 | D:6      | Reached skill level 10 in Maces & Flails
  5107 | D:6      | Reached XP level 9. HP: 53/79 MP: 8/8
  5494 | D:7      | Found a staircase to the Ecumenical Temple.
  6026 | D:8      | Identified the +0 cloak "Qitats" {rF+}
  6514 | D:8      | Found a shimmering blue altar of Sif Muna.
  6712 | D:8      | Found Welevoleu's Weapon Emporium.
  6936 | D:8      | Reached XP level 10. HP: 74/88 MP: 9/9
  7132 | D:9      | Reached skill level 10 in Armour
  7281 | D:9      | Found a staircase to the Lair.
  7346 | D:9      | Reached skill level 5 in Dodging
  7874 | D:9      | Noticed Prince Ribbit
  7888 | D:9      | Killed Prince Ribbit
  8098 | D:10     | Entered Level 10 of the Dungeon
  8103 | D:10     | Reached **** piety under Trog
  8446 | D:10     | Noticed Snorg
  8454 | D:10     | Killed Snorg
  8638 | D:10     | Reached XP level 11. HP: 82/97 MP: 10/10
  9095 | D:10     | Paralysed by a floating eye for 4 turns
  9108 | D:10     | Paralysed by a floating eye for 4 turns
  9154 | D:10     | Noticed a two-headed ogre
  9164 | D:10     | Killed a two-headed ogre
  9165 | D:10     | Reached skill level 10 in Fighting
 10476 | D:11     | Found a staircase to the Orcish Mines.
 11247 | D:11     | Found a portal to a secret trove of treasure.
 11571 | D:12     | Noticed a deep elf pyromancer
 11586 | D:11     | Killed a deep elf pyromancer
 11587 | D:11     | Reached XP level 12. HP: 110/110 MP: 11/11
 12545 | D:12     | Reached skill level 15 in Maces & Flails
 13451 | D:14     | Noticed a tengu warrior
 13475 | D:14     | Killed a tengu warrior
 13501 | D:14     | Noticed a death knight
 13510 | D:15     | Entered Level 15 of the Dungeon
 13513 | D:15     | Gained mutation: You are strong-willed. (Will+) [potion of
                  | mutation]
 13513 | D:15     | Gained mutation: Your magical capacity is low. (-10% MP)
                  | [potion of mutation]
 14104 | D:15     | Noticed a two-headed ogre
 14104 | D:15     | Noticed an ogre mage
 14127 | D:15     | Killed a two-headed ogre
 14232 | D:15     | Killed an ogre mage
 14233 | D:15     | Reached skill level 15 in Armour
 14380 | D:15     | Killed a death knight
 14578 | D:15     | Reached ***** piety under Trog
 15008 | D:15     | Found an ornate altar of the Wu Jian Council.
 15147 | D:15     | Found a staircase to the Depths.
 15177 | Depths:1 | Entered Level 1 of the Depths
 15177 | Depths:1 | Noticed a stone giant
 15180 | Depths:1 | Noticed a stone giant
 15183 | Depths:1 | Noticed a great orb of eyes
 15183 | Depths:1 | Noticed a purple very ugly thing
 15183 | Depths:1 | Noticed a purple very ugly thing
 15192 | D:15     | Killed a stone giant
 15193 | D:15     | Reached XP level 13. HP: 122/122 MP: 10/10
 15815 | D:14     | Noticed a fire dragon
 15848 | D:14     | HP: 2/122 [fire dragon (6)]
 16805 | D:14     | Cast into level 2 of the Abyss (a wizard)
 17730 | Abyss:2  | Noticed a frost giant
 17732 | Abyss:2  | Noticed an azure jelly
 17877 | Abyss:2  | Noticed a starcursed mass
 18049 | Abyss:2  | Found a corrupted altar of Lugonu.
 18098 | Abyss:2  | Noticed a deep elf demonologist
 18104 | Abyss:2  | Killed a deep elf demonologist
 18166 | Abyss:2  | Gained mutation: Armour fits poorly on your strangely
                  | shaped body. [a shining eye]
 18268 | Abyss:2  | HP: 2/123 [harpy simulacrum (10)]
 18269 | Abyss:2  | Slain by a harpy simulacrum

Illustrated notes

Levels and vault maps discovered:
D:1:      dpeg_arrival_renting, layout_basic, serial_shops,
          nicolae_shop_hallway_plus, corexii_item_surrounded_by_moat,
          nrook_loot_triangle, minmay_misc_feat_four_crosses
D:2:      minmay_wonky_spiral, layout_basic,
          shapermc_ecumenical_altar_mp_urbaneastern, kennysheep_generic_room_3,
          uniq_terence
D:3:      layout_basic, uniq_jessica, uniq_robin
D:4:      layout_cave_pools
D:5:      layout_gridville, kennysheep_generic_room_4
D:6:      layout_loops_ring, serial_shops, shop, kennysheep_crisscross,
          uniq_pikel
D:7:      hellmonk_warped_wall, layout_rooms, temple_statues,
          chequers_decorated_corner
D:8:      layout_loops_ring, lemuel_blue_sif_altar, serial_shops,
          nicolae_shop_bloodbath_and_beyond
D:9:      layout_cross, minmay_lair_entry_grove, uniq_prince_ribbit1
D:10:     layout_roguey, onia_ninara_cookie, uniq_snorg
D:11:     layout_loops_corners, david_orc_4, nicolae_trove_entry_path_of_doom
D:12:     layout_stronghold, minmay_nine_imps
D:13:     wad_woods_structure_01, layout_loops_ring,
          grunt_vaults_entry_fortified
D:14:     layout_roguey, st_stairs_3
D:15:     grunt_enter_depths_magical_seal, layout_basic,
          pdpol_wu_jian_five_deadly_venoms
Depths:1: regret_index_dithmenos_brocken_genspenst, layout_cave_pools,
          kennysheep_doodads, hell_entry, kennysheep_cross_room,
          amcnicky_mini_rare_corridor_liquid, evilmike_spriggan_trog_shrine,
          serial_bayou_shore_b, firewood_loft, uniq_nikola
Abyss:2:  base: Snake:1, base: Lair:2, hangedman_glass_garden, due_exit_kobolds

Skill      XL: |  1  2  3  4  5  6  7  8  9 10 11 12 13 |
---------------+----------------------------------------+-----
Fighting       | 4 5 6 7 8 9 11 13 | 13.6
Maces & Flails | 4 5 6 7 8 10 12 13 14 15 16 | 16.0
Armour         | 3 4 5 7 9 11 13 15 16 | 16.0
Dodging        | 3 4 5 6 7 |  7.7
Stealth        | |  0.3

Action                   |  1- 3 |  4- 6 |  7- 9 | 10-12 | 13-15 || total
-------------------------+-------+-------+-------+-------+-------++-------
Melee: Mace              |    67 |   121 |   239 |   649 |   278 ||  1354
       Headbutt          |    12 |     9 |    45 |   146 |    72 ||   284
       Punch             |       |     1 |     4 |     9 |     7 ||    21
Invok: Berserk           |     1 |     3 |     7 |    15 |     9 ||    35
       Trog's Hand       |       |       |       |     1 |     8 ||     9
  Use: Scroll            |       |       |       |    19 |     6 ||    25
       Potion            |       |       |       |     1 |     5 ||     6
 Stab: Distracted        |       |       |       |       |     1 ||     1
Armor: Animal skin       |     6 |       |       |       |       ||     6
       Leather armour    |    10 |       |       |       |       ||    10
       Chain mail        |     1 |    86 |   145 |   343 |   124 ||   699
Dodge: Dodged            |    40 |    59 |   108 |   361 |   201 ||   769
